 Dungeon Crawl Stone Soup version 0.31-a0-981-geadf994542 (webtiles) character file.

Game seed: 1449218530142554043

105 BinkBink the Trooper (level 4, 0/37 HPs)
             Began as a Merfolk Fighter on Oct 31, 2023.
             Killed by nerve-wracking pain
             ... invoked by an orc priest
              (8 damage)
             ... on level 3 of the Dungeon.
             The game lasted 00:02:59 (1562 turns).

BinkBink the Trooper (Merfolk Fighter)              Turns: 1562, Time: 00:02:59

Health: 0/37       AC:  8    Str: 16    XL:     4   Next: 83%
Magic:  4/4        EV:  9    Int:  7    God:
Gold:   113        SH:  5    Dex: 15    Spells: 3/3 levels left

rFire   . . .        a - +0 trident
rCold   . . .        c - +0 buckler
rNeg    . . .        b - +0 scale mail
rPois   .            (no helmet)
rElec   .            g - +0 cloak
rCorr   .            e - +0 pair of gloves
SInv    .            (no boots)
Will    .....        (no amulet) Stlth
                     (no ring)
HPRegen 0.26/turn    (no ring)
MPRegen 0.09/turn

%: no passive effects
@: no status effects
A: (nimble swimmer 2), mertail
a: no special abilities


You were on level 3 of the Dungeon.
You visited 1 branch of the dungeon, and saw 4 of its levels.

You collected 113 gold pieces.

Inventory:

Hand Weapons
 a - a +0 trident (weapon)
Armour
 b - a +0 scale mail (worn)
 c - a +0 buckler (worn)
 e - a +0 pair of gloves (worn)
 g - a +0 cloak (worn)
Jewellery
 h - a ring of magical power
Potions
 d - a potion of might


   Skills:
 * Level 4.2 Fighting
 * Level 4.0 Polearms
 + Level 2.5 Armour
 + Level 2.0 Dodging
 + Level 3.3 Shields


You had 3 spell levels left.
You didn't know any spells.
Your spell library contained the following spells:

 Spells                   Type           Power      Damage    Failure   Level
 Lesser Beckoning         Tloc           0%         N/A       97%         2
 Gell's Gravitas          Tloc           0%         N/A       100%        3
 Stone Arrow              Conj/Erth      0%         3d7       100%        3
 Teleport Other           Tloc           0%         N/A       100%        3
 Animate Armour           Summ/Erth      0%         N/A       100%        4
 Dispersal                Tloc           0%         N/A       100%        6
 Lehudib's Crystal Spear  Conj/Erth      0%         10d2      100%        8


Dungeon Overview and Level Annotations

Branches:
Dungeon (4/15)
 Temple: D:4-7

Altars:

Shops:
D:4 :

Annotations:
D:2 Sigmund


Innate Abilities, Weirdness & Mutations

((You are very nimble when in or above water. (Stealth+, EV+, Speed+++)))
Your lower body shifts to a powerful aquatic tail in water.


Message History

The orc priest hits you with a +0 trident.
* * * LOW HITPOINT WARNING * * *
You hit the orc priest but do no damage.
You block the orc priest's attack.
You hit the orc priest.
The orc priest is lightly wounded.
The orc priest hits you but does no damage.
You closely miss the orc priest.
The orc priest is lightly wounded.
You block the orc priest's attack.
You hit the orc priest but do no damage.
The orc priest is lightly wounded.
The orc priest hits you but does no damage.
You closely miss the orc priest.
The orc priest is lightly wounded.
The orc priest closely misses you.
The orc priest hits you with a +0 trident.
* * * LOW HITPOINT WARNING * * *
You hit the orc priest.
The orc priest is moderately wounded.
The orc priest hits you with a +0 trident.
* * * LOW HITPOINT WARNING * * *
You closely miss the orc priest.
The orc priest is moderately wounded.
The orc priest hits you with a +0 trident.
* * * LOW HITPOINT WARNING * * *
You hit the orc priest.
The orc priest is moderately wounded.
You block the orc priest's attack.
You hit the orc priest.
The orc priest is severely wounded.
The orc priest barely misses you.
You hit the orc priest but do no damage.
The orc priest is severely wounded.
The orc priest barely misses you.
You hit the orc priest.
The orc priest is almost dead.
The orc priest calls down the wrath of Beogh upon you.
Pain shoots through your body!
You die...

..###
####..# .#
.. ##.# ..#
#. ####..#
..#
#.##.#..##
...
#.'....##
#.##.##..##
#..###...#
####..#....#
#....o@...##
#.##.....##
#######


You could see an orc priest.

Vanquished Creatures
  5 adders
  A worm (D:3)
  4 dart slugs
  6 orcs (D:3)
  4 endoplasms
  4 goblins
  4 hobgoblins
  A quokka (D:1)
  7 ball pythons
  A bat (D:2)
  3 frilled lizards
  2 kobolds
  3 rats
45 creatures vanquished.

Notes
Turn   | Place    | Note
-------+----------+-------------------------------------------
     0 | D:1      | BinkBink the Merfolk Fighter began the quest for the Orb.
     0 | D:1      | Reached XP level 1. HP: 18/18 MP: 1/1
   108 | D:1      | Reached XP level 2. HP: 24/24 MP: 2/2
   565 | D:1      | Reached skill level 1 in Dodging
   700 | D:2      | Noticed Sigmund
   714 | D:2      | Reached XP level 3. HP: 7/29 MP: 3/3
   954 | D:2      | You fall into a shaft and drop 2 floors!
   954 | D:4      | Found Owago's Book Shoppe.
  1102 | D:4      | Reached XP level 4. HP: 32/37 MP: 4/4
  1562 | D:3      | Killed from afar by an orc priest

Illustrated notes

Levels and vault maps discovered:
D:1:      amcnicky_arrival_flooded_fountain, layout_loops_cross
D:2:      layout_rooms, nicolae_ecumenical_snake_handling, uniq_sigmund
D:3:      layout_loops_ring, mainiacjoe_overflow_brackets,
          minmay_fractal_squares_gapless_5
D:4:      layout_loops_ring, nicolae_overflow_guarded_unrand_okawaru_victory,
          minmay_temple_entry_from_below_b, serial_shops,
          nicolae_inconvenience_store, nicolae_shop_advertising_works
          [nicolae_subvault_shop_adworks], shop, nicolae_shop_peninsula, shop

Skill      XL: |  1  2  3  4 |
---------------+-------------+-----
Polearms       | 3 4 |  4.0
Dodging        | 1 2 |  2.0
Fighting       | 4 |  4.2
Armour         | |  2.5
Shields        | |  3.3

Action                     |  1- 3 |  4- 6 || total
---------------------------+-------+-------++-------
  Melee: Trident           |    94 |    83 ||   177
    Use: Scroll            |       |     1 ||     1
 Armour: Scale mail        |    54 |    60 ||   114
  Dodge: Dodged            |    29 |    33 ||    62
  Block: Buckler           |    21 |    15 ||    36

Table legend: (Time is in decaauts)
 A = Elapsed time spent in this place.
 B = Non-inter-level travel time spent in this place.
 C = Inter-level travel time spent in this place.
 D = Time resting spent in this place.
 E = Time spent auto-exploring this place.
 F = Levels seen in this place.
 G = Mean time per level.
                   A        B        C        D        E       F      G
               +--------+--------+--------+--------+--------+-----+--------+
         Total |   1588 |   1527 |     61 |     85 |   1092 |   4 |  397.0 |
       Dungeon |   1588 |   1527 |     61 |     85 |   1092 |   4 |  397.0 |
               +--------+--------+--------+--------+--------+-----+--------+

Top non-repeatable levels by time:
     D:1: 785 daAuts
     D:3: 424 daAuts
     D:4: 197 daAuts
     D:2: 181 daAuts
